 Dungeon Crawl Stone Soup version 0.28-a0-828-g0121872642 (webtiles) character file.

Game seed: 9372306767147211281

100 cheechan the Bolt Thrower (level 4, -1/30 HPs)
             Began as an Octopode Hunter on Nov 10, 2021.
             Slain by a gnoll (7 damage)
             ... on level 3 of the Dungeon.
             The game lasted 00:09:02 (2427 turns).

cheechan the Bolt Thrower (Octopode Hunter)         Turns: 2427, Time: 00:09:03

Health: -1/30      AC:  1    Str: 11    XL:     4   Next: 73%
Magic:  4/4        EV: 13    Int: 17    God:
Gold:   89         SH:  0    Dex: 13    Spells: 2/3 levels left

rFire   . . .      SeeInvis .   b - +0 short sword
rCold   . . .      Faith    .   (no shield)
rNeg    . . .      Spirit   .   (helmet restricted)
rPois   .          Reflect  .   (no amulet)
rElec   .          Harm     .   (no ring)
rCorr   .          Rampage  .   (no ring)
Will    .....                   (no ring)
Stlth   +++.......              (no ring)
HPRegen 0.10/turn               (no ring)
MPRegen 0.09/turn               (no ring)
                                (no ring)
                                (no ring)

@: no status effects
A: almost no armour, amphibious, 8 rings, camouflage 1, gelatinous body 1,
(nimble swimmer 1), tentacles, clever 2
a: no special abilities


You were on level 3 of the Dungeon.
You visited 1 branch of the dungeon, and saw 3 of its levels.

You collected 89 gold pieces.

Inventory:

Hand Weapons
 a - a +1 hand crossbow
 b - a +0 short sword (weapon)
Missiles
 c - 11 bolts
 e - 29 sling bullets
 g - 8 arrows
Scrolls
 d - a scroll of teleportation
Potions
 f - 2 potions of heal wounds
 i - a potion of flight {unknown}
 j - a potion of curing
 k - 2 potions of brilliance


   Skills:
 + Level 2.6 Fighting
 + Level 0.1 Short Blades
 + Level 5.2 Crossbows
 + Level 2.5 Dodging
 + Level 2.3 Stealth


You had 2 spell levels left.
You knew the following spells:

 Your Spells              Type           Power      Damage    Failure   Level
a - Summon Small Mammal   Summ           0%         N/A       24%         1

Your spell library contained the following spells:

 Spells                   Type           Power      Damage    Failure   Level
 Animate Skeleton         Necr           0%         N/A       24%         1
 Apportation              Tloc           0%         N/A       24%         1


Dungeon Overview and Level Annotations

Branches:
Dungeon (3/15)

Altars:
Fedhas


Innate Abilities, Weirdness & Mutations

You cannot wear most types of armour.
You are amphibious.
You can wear up to eight rings at the same time.
Your skin changes colour to match your surroundings (Stealth+).
Your rubbery body absorbs attacks. (AC +1, EV +1)
((You are camouflaged near water. (Stealth+)))
You have tentacles for arms and can constrict up to eight enemies at once.
Your mind is very acute. (Int +4)


Message History

The gnoll is lightly wounded.
You constrict the gnoll, but do no damage.
The gnoll closely misses you.
You hit the gnoll.
The gnoll is moderately wounded.
You constrict the gnoll.
The gnoll struggles to escape constriction.
You hit the gnoll but do no damage.
The gnoll is heavily wounded.
You constrict the gnoll. The gnoll hits you with a +0 spear!
You hit the gnoll.
You kill the gnoll!
You barely miss the gnoll. You grab the gnoll.
You constrict the gnoll, but do no damage.
The gnoll closely misses you.
You hit the gnoll.
The gnoll is moderately wounded.
You constrict the gnoll.
The gnoll struggles to escape constriction.
You hit the gnoll but do no damage.
The gnoll is moderately wounded.
You constrict the gnoll.
The gnoll struggles to escape constriction.
The gnoll closely misses you.
You hit the gnoll.
The gnoll is severely wounded.
You constrict the gnoll. The gnoll hits you with a +0 club!
* * * LOW HITPOINT WARNING * * *
You hit the gnoll.
You kill the gnoll!
Your Stealth skill increases to level 2!
You hit the gnoll. You grab the gnoll.
You squeeze the gnoll, but do no damage.
The gnoll is moderately wounded.
You constrict the gnoll. The gnoll misses you.
You hit the gnoll.
The gnoll is heavily wounded.
You constrict the gnoll, but do no damage.
The gnoll barely misses you. The gnoll hits you with a +0 whip!
You die...

####... .## #....#
....###.... #..##..#
####.....# #.....#..#
#.....#.## #.....#g#
#...#..@#### ##...#...##.#
#########...........# ..
..............##.#### ..8
...........#####...## #_##
. ..........## ###..#######
..........# #####........
..........#####............
# ........................#
#


You could see a gnoll.

Vanquished Creatures
  3 adders (D:2)
  2 gnolls (D:3)
  A worm (D:2)
  4 orcs (D:3)
  8 ball pythons
  3 endoplasms
  2 giant cockroaches
  4 goblins
  4 hobgoblins
  3 quokkas
  4 bats
  2 frilled lizards
  A kobold (D:2)
  5 rats
46 creatures vanquished.

Notes
Turn   | Place    | Note
-------+----------+-------------------------------------------
     0 | D:1      | cheechan the Octopode Hunter began the quest for the Orb.
     0 | D:1      | Reached XP level 1. HP: 14/14 MP: 1/1
    15 | D:1      | Found a faded altar of an unknown god.
   176 | D:1      | Reached XP level 2. HP: 19/19 MP: 2/2
   207 | D:1      | Gained mutation: Your mind is acute. (Int +2) [potion of
                  | mutation]
   207 | D:1      | Gained mutation: Your mind is very acute. (Int +4) [potion
                  | of mutation]
   207 | D:1      | Gained mutation: You are weak. (Str -2) [potion of
                  | mutation]
   207 | D:1      | Lost mutation: You are weak. (Str -2) [potion of mutation]
   928 | D:2      | Reached XP level 3. HP: 25/25 MP: 3/3
  1795 | D:2      | HP: 1/25 [adder (3)]
  1799 | D:2      | Reached skill level 5 in Crossbows
  1799 | D:2      | Reached XP level 4. HP: 11/30 MP: 4/4
  2278 | D:3      | Learned a level 1 spell: Summon Small Mammal
  2351 | D:3      | Found a blossoming altar of Fedhas.
  2427 | D:3      | Slain by a gnoll

Illustrated notes

Levels and vault maps discovered:
D:1:      heliophobic_arrival_battle_scene, layout_basic,
          ebering_ecumenical_altar_mist
D:2:      layout_basic
D:3:      layout_rooms, nicolae_overflow_hidden_temple, kennysheep_nondescript

Skill      XL: |  1  2  3  4 |
---------------+-------------+-----
Crossbows      | 5 |  5.2
Stealth        | 2 |  2.3
Fighting       | |  2.6
Short Blades   | |  0.1
Dodging        | |  2.5

Action                   |  1- 3 |  4- 6 || total
-------------------------+-------+-------++-------
Melee: Short sword       |     2 |    44 ||    46
       Tentacles         |     1 |     4 ||     5
       Constrict         |       |     9 ||     9
 Fire: Hand crossbow     |    74 |       ||    74
  Use: Scroll            |     6 |     4 ||    10
       Potion            |     3 |       ||     3
 Stab: Sleeping          |       |     3 ||     3
Armor: Skin              |       |     3 ||     3
Dodge: Dodged            |    36 |    49 ||    85

Table legend: (Time is in decaauts)
 A = Elapsed time spent in this place.
 B = Non-inter-level travel time spent in this place.
 C = Inter-level travel time spent in this place.
 D = Time resting spent in this place.
 E = Time spent auto-exploring this place.
 F = Levels seen in this place.
 G = Mean time per level.
                   A        B        C        D        E       F      G
               +--------+--------+--------+--------+--------+-----+--------+
         Total |   2450 |   2450 |      0 |    444 |      0 |   3 |  816.7 |
       Dungeon |   2450 |   2450 |      0 |    444 |      0 |   3 |  816.7 |
               +--------+--------+--------+--------+--------+-----+--------+

Top non-repeatable levels by time:
     D:2: 1412 daAuts
     D:1: 813 daAuts
     D:3: 225 daAuts
